 Dungeon Crawl Stone Soup version 0.29-a0-284-gf9362112df (webtiles) character file.

Game seed: 13853460789975200500

59 spaghetti the Ruffian (level 3, 0/37 HPs)
             Began as a Troll Chaos Knight on Mar 25, 2022.
             Was a Plaything of Xom.
             Killed from afar by Natasha (9 damage)
             ... with a magic dart
             ... on level 2 of the Dungeon.
             The game lasted 00:01:57 (1150 turns).

spaghetti the Ruffian (Troll Chaos Knight)          Turns: 1150, Time: 00:01:58

Health: 0/37       AC:  6    Str: 22    XL:     3   Next: 78%
Magic:  2/2        EV:  9    Int:  8    God:    Xom [.*....]
Gold:   89         SH:  0    Dex:  9    Spells: 2/2 levels left

rFire   + . .      SeeInvis .     - Unarmed
rCold   . . .      Faith    .   (no shield)
rNeg    . . .      Spirit   .   a - +2 robe
rPois   .          Reflect  .   (helmet restricted)
rElec   .          Harm     .   (no cloak)
rCorr   .          Rampage  .   (gloves unavailable)
Will    .....                   (boots unavailable)
Stlth   +.........              (no amulet)
HPRegen 0.92/turn               d - ring of protection from fire
MPRegen 0.08/turn               (no ring)

@: slowed, very slow
A: large, unfitting armour, claws 3, regeneration 1, shaggy fur 1, tough skin 1
a: Renounce Religion


You were on level 2 of the Dungeon.
You worshipped Xom.
You were a plaything of Xom.
You visited 1 branch of the dungeon, and saw 2 of its levels.

You collected 89 gold pieces.


Innate Abilities, Weirdness & Mutations

You are too large for most types of armour.
You have claws for hands.
Your natural rate of healing is unusually fast.
You are covered in fur. (AC +1)
You have tough skin. (AC +1)


   Skills:
 + Level 3.0 Fighting
 - Level 1.9 Dodging
 * Level 4.3 Unarmed Combat


You had 2 spell levels left.
You didn't know any spells.
Your spell library contained the following spells:

 Spells                   Type           Power      Damage    Failure   Level
 Gell's Gravitas          Tloc           0%         N/A       78%         3
 Lesser Beckoning         Tloc           0%         N/A       78%         3
 Teleport Other           Tloc           0%         N/A       78%         3

Inventory:

Missiles
 c - 57 stones {throwing}
 g - 3 boomerangs {throwing}
 k - 3 poisoned darts {throwing}
Armour
 a - a +2 robe (worn)
Magical Staves
 i - a staff of air {!astaff}
   (You found it on level 2 of the Dungeon)
Jewellery
 d - a ring of protection from fire (left claw)
   (You found it on level 1 of the Dungeon)
Scrolls
 e - 2 scrolls of teleportation {unknown}
 h - a scroll of magic mapping {unknown}
 j - a scroll of silence {unknown}
Potions
 f - a potion of resistance
 l - a potion of brilliance {unknown}
Miscellaneous
 b - a piece from Xom's chessboard (15/15) (quivered)

Dungeon Overview and Level Annotations

Branches:
Dungeon (2/15)

Altars:

Shops:
D:2 [

Annotations:
D:2 Natasha

..........# ..#
..........########..#
.......#............#
.......+............#
...#+###...........##
....................+
.......#..........###
.......#........$.###...
.......#........@.......
.......#.........h.....#
.......#...............#
.......#...............#
.......#.....$....####.#
#'#....############ #
#.#....# #.#....#
#.######


You could see Natasha (resistant).


Message History

i - a staff of air {!astaff} No target in view!
No target in view!
No target in view!
No target in view!
No target in view!
No target in view!
No target in view!
Key pressed, stopping explore.
Key pressed, stopping explore.
There is an open door here.
j - a scroll labelled LOORATHO UTU Unknown command.
k - 3 poisoned darts {throwing} Key pressed, stopping explore.
You open the door.
There is an open door here.
You open the door.
There is an open door here.
You now have 79 gold pieces (gained 7).
An endoplasm comes into view.
The endoplasm quivers.
You claw the endoplasm!
You kill the endoplasm!
No target in view!
No target in view!
No target in view!
No target in view!
No target in view!
No target in view!
No target in view!
You now have 89 gold pieces (gained 10).
You pick up a book of Displacement and begin reading...
You add the spells Lesser Beckoning, Gell's Gravitas and Teleport Other to your library.
Unknown command.
No target in view!
l - an amethyst potion Natasha, Servant of Life and Death comes into view.
Natasha drinks a potion.
Natasha suddenly seems more resistant.
Natasha casts a spell at you. The magic dart hits you. 😕 HP[-5]
You take 5 damage, and now have 32/37 hp.
You barely miss Natasha. Natasha casts a spell at you.
You feel yourself slow down. 😕 HP[+1]
You barely miss Natasha. Natasha claws you. 😕 HP[+1]
You scratch Natasha. Natasha barely misses you. 😕 HP[+1]
You scratch Natasha but do no damage. Natasha claws you but does no damage.
Natasha casts a spell at you. The magic dart hits you! 😮 HP[-10]
You take 10 damage, and now have 25/37 hp.
MASSIVE DAMAGE!! (PAUSE)
You closely miss Natasha.
Natasha growls.
Natasha barely misses you. 😮 HP[+1]
You completely miss Natasha. Natasha claws you.
Natasha claws you but does no damage. 😮 HP[-3]
You take 3 damage, and now have 23/37 hp.
You barely miss Natasha.
Natasha stares at you and mumbles some strange words.
You feel as though you will be slow longer. 😮 HP[+1]
You scratch Natasha. Natasha claws you!
* * * LOW HITPOINT WARNING * * *
😨 HP[-6]
You take 6 damage, and now have 18/37 hp.
You barely miss Natasha. Natasha claws you.
* * * LOW HITPOINT WARNING * * *
Natasha claws you.
* * * LOW HITPOINT WARNING * * *
😨 HP[-4]
You take 4 damage, and now have 14/37 hp.
You scratch Natasha. Natasha casts a spell at you.
You feel as though you will be slow longer. 😨 HP[+2]
You regained 2 hp, and now have 16/37 hp.
You closely miss Natasha. Natasha barely misses you. Natasha claws you.
* * * LOW HITPOINT WARNING * * *
You closely miss Natasha.
Natasha claws you but does no damage. 😨 HP[+1]
You scratch Natasha.
Natasha stares at you and mumbles some strange words.
The magic dart hits you.
* * * LOW HITPOINT WARNING * * *
😨 HP[-4]
You take 4 damage, and now have 13/37 hp.
You closely miss Natasha. Natasha claws you.
* * * LOW HITPOINT WARNING * * *
Natasha stares at you and mumbles some strange words.
The magic dart hits you!
You die...

Skill      XL: |  1  2  3 |
---------------+----------+-----
Unarmed Combat | 4 |  4.3
Fighting       | 3 |  3.0
Dodging        | |  1.9

Action                   || total
-------------------------++-------
Melee: Unarmed           ||    89
       Punch             ||     1
 Stab: Confused          ||     1
Armor: Robe              ||    54
Dodge: Dodged            ||    33

Levels and vault maps discovered:
D:1:      lemuel_arrival_cross, layout_basic, ebering_ecumenical_altar_webs,
          chequers_mini_garden
D:2:      layout_basic, serial_shops, shop_statue, palyth_stone_intersect,
          uniq_natasha

Notes
Turn   | Place    | Note
-------+----------+-------------------------------------------
     0 | D:1      | spaghetti the Troll Chaos Knight began the quest for the
                  | Orb.
     0 | D:1      | Reached XP level 1. HP: 22/22 MP: 0/0
     0 | D:1      | magus.rc [v1.9.6]
   127 | D:1      | XOM: smoke on damage
   215 | D:1      | Reached XP level 2. HP: 28/29 MP: 1/1
   618 | D:1      | Found a faded altar of an unknown god.
   730 | D:2      | XOM: potion effect (brilliance)
   758 | D:2      | XOM: silly message
   760 | D:2      | XOM: cast spell 'Alistair's Intoxication'
   761 | D:2      | Reached skill level 4 in Unarmed Combat
   761 | D:2      | Reached XP level 3. HP: 29/36 MP: 2/2
   767 | D:2      | XOM: cast spell 'Summon Mana Viper'
   771 | D:2      | Reached skill level 3 in Fighting
   816 | D:2      | Found Vipauseo's Antique Armour Shop.
  1129 | D:2      | You pick up a book of Displacement and begin reading...
  1129 | D:2      | You add the spells Lesser Beckoning, Gell's Gravitas and
                  | Teleport Other to your library.
  1132 | D:2      | Noticed Natasha
  1150 | D:2      | HP: 9/37 [Natasha (5)]
  1150 | D:2      | Killed from afar by Natasha

Vanquished Creatures
  2 gnolls (D:2)
  A dart slug (D:1)
  2 endoplasms
  A giant cockroach (D:1)
  4 hobgoblins (D:1)
  3 jackals (D:1)
  A quokka (D:2)
  5 ball pythons
  2 bats (D:1)
  A frilled lizard (D:1)
  4 kobolds
  2 rats (D:1)
28 creatures vanquished.

Vanquished Creatures (collateral kills)
  A gnoll (D:2)
1 creature vanquished.

Grand Total: 29 creatures vanquished

Table legend:
 A = Non-vault XP
 B = Vault XP
 C = Vault XP percentage of total XP
 D = Non-vault monster count
 E = Vault monster count
 F = Vault count percentage of total count
                 A         B        C        D         E       F
            +---------+---------+-------+---------+---------+-------
      Total |      85 |       0 |   0.0 |      29 |       0 |   0.0
            +---------+---------+-------+---------+---------+-------
        D:1 |      34 |       0 |   0.0 |      20 |       0 |   0.0
        D:2 |      51 |       0 |   0.0 |       9 |       0 |   0.0
            +---------+---------+-------+---------+---------+-------

Illustrated notes

Table legend:
 A = Kills in this place as a percentage of kills in entire the game.
 B = Kills by you in this place as a percentage of kills by you in the entire game.
 C = Kills by friends in this place as a percentage of kills by friends in the entire game.
 D = Other kills in this place as a percentage of other kills in the entire game.
 E = Experience gained in this place as a percentage of experience gained in the entire game.
 F = Experience gained in this place divided by the number of levels of this place that you have seen.
                   A       B       C       D       E      F
               +-------+-------+-------+-------+-------+----------------------
         Total | 100.0 | 100.0 | 100.0 |   N/A | 100.0 |  42.5
       Dungeon | 100.0 | 100.0 | 100.0 |   N/A | 100.0 |  42.5
               +-------+-------+-------+-------+-------+----------------------

Table legend: (Time is in decaauts)
 A = Elapsed time spent in this place.
 B = Non-inter-level travel time spent in this place.
 C = Inter-level travel time spent in this place.
 D = Time resting spent in this place.
 E = Time spent auto-exploring this place.
 F = Levels seen in this place.
 G = Mean time per level.
                   A        B        C        D        E       F      G
               +--------+--------+--------+--------+--------+-----+--------+
         Total |   1149 |   1109 |     40 |      0 |    917 |   2 |  574.5 |
       Dungeon |   1149 |   1109 |     40 |      0 |    917 |   2 |  574.5 |
               +--------+--------+--------+--------+--------+-----+--------+

Top non-repeatable levels by time:
     D:1: 710 daAuts
     D:2: 438 daAuts
